 Dungeon Crawl Stone Soup version 0.21.1-1-g345015f (webtiles) character file.

117 troglodite the Skirmisher (level 4, -15/37 HPs)
             Began as a Demonspawn Berserker on Feb 6, 2018.
             Was a Believer of Trog.
             Killed from afar by Monsterracer's ghost (22 damage)
             ... with a shard of ice
             ... on level 3 of the Dungeon.
             The game lasted 00:06:14 (2219 turns).

troglodite the Skirmisher (Demonspawn Berserker)    Turns: 2219, Time: 00:06:14

Health: -15/37     AC:  6    Str: 17    XL:     4   Next: 71%
Magic:  4/4        EV:  5    Int:  8    God:    Trog [**....]
Gold:   139        SH: 11    Dex: 14    Spells: 3/3 levels left

rFire    x . .     SeeInvis .   a - +0 falchion
rCold    + . .     Gourm    .   o - +0 large shield (curse)
rNeg     . . .     Faith    .   m - +0 scale mail
rPois    .         Spirit   .   (helmet restricted)
rElec    .         Reflect  .   (no cloak)
rCorr    .         Harm     .   (no gloves)
MR       .....                  (no boots)
Stlth    ..........             (no amulet)
HPRegen  0.12/turn              h - ring of ice
MPRegen  0.09/turn              (no ring)

@: berserk cooldown, slowed, very slow
A: claws 1, horns 1
a: Berserk, Trog's Hand, Burn Spellbooks, Renounce Religion


You were on level 3 of the Dungeon.
You worshipped Trog.
Trog was pleased with you.
You were very hungry.

You visited 1 branch of the dungeon, and saw 3 of its levels.

You collected 139 gold pieces.

Inventory:

Hand Weapons
 a - a +0 falchion (weapon)
Armour
 m - a +0 scale mail (worn)
 o - a cursed +0 large shield (worn)
Jewellery
 h - a ring of ice (left claw)
Scrolls
 b - a scroll of noise {unknown}
 e - 4 scrolls of identify {unknown}
 f - a scroll of fog {unknown}
 g - a scroll of magic mapping {unknown}
 j - 2 scrolls of immolation {unknown}
 l - a scroll of remove curse {unknown}
Potions
 d - 3 potions of flight {unknown}
 i - 2 potions of lignification {unknown}
 k - a potion of berserk rage {unknown}
 n - a potion of invisibility {unknown}
 p - a potion of curing {unknown}
Comestibles
 c - 6 rations
 q - 3 chunks of flesh


   Skills:
 * Level 3.9 Fighting
 + Level 3.5 Long Blades
 * Level 2.3 Armour
 * Level 2.4 Dodging
 + Level 0.4 Stealth
 * Level 0.4 Shields


You had 3 spell levels left.
You didn't know any spells.

Dungeon Overview and Level Annotations

Branches:
Dungeon (3/15)

Altars:
Ashenzari
Kikubaaqudgha
Okawaru
Ru

Annotations:
D:3 Monsterracer's ghost, novice HuIE


Innate Abilities, Weirdness & Mutations

You have sharp fingernails.
You have a pair of small horns on your head.


Message History

You block Monsterracer's ghost's attack.
You hit Monsterracer's ghost but do no damage.
Monsterracer's ghost is heavily damaged.
Monsterracer's ghost closely misses you.
You riposte.
Your shield prevents you from hitting Monsterracer's ghost.
Monsterracer's ghost is heavily damaged.
Monsterracer's ghost hits you but does no damage.
You block Monsterracer's ghost's attack.
Monsterracer's ghost closely misses you.
You see here a dagger.
You block Monsterracer's ghost's attack.
Monsterracer's ghost casts a spell at you.
You are frozen.
* * * LOW HITPOINT WARNING * * *
You see here a kobold corpse.
Monsterracer's ghost casts a spell at you.
The shard of ice hits you! You partially resist.
Ouch! That really hurt!
You die...

..#.. #....#... #.. .#..
#.......# #.##### ##. +.......#
#.##.. ######.......# #.#.##.####
#..........#######.#.##....#
#.)................#.#..##..
#...)......## #....#.#####
###...........#######....#
#........)..#@....###....#
.....#........W†####........#####
######..........# #...#...(#....
#..........# #.....(.......
#..........# #........#....
#..........# #...#....#....
##........## #...#....#....
##......## #...#....#....
######## #.>.#....#####


You could see Monsterracer's ghost.

Vanquished Creatures
  Terence (D:2)
  Natasha (D:2)
  2 adders (D:3)
  3 dart slugs
  A leopard gecko (D:3)
  4 giant cockroaches
  7 goblins
  9 hobgoblins
  A ball python (D:1)
  3 bats
  3 frilled lizards
  6 kobolds
  2 rats
43 creatures vanquished.

Notes
Turn   | Place    | Note
-------+----------+-------------------------------------------
     0 | D:1      | troglodite the Demonspawn Berserker began the quest for the Orb.
     0 | D:1      | Reached XP level 1. HP: 18/18 MP: 1/1
   285 | D:1      | Gained mutation: You have a pair of small horns on your head. [demonic ancestry]
   285 | D:1      | Reached XP level 2. HP: 17/24 MP: 2/2
  1346 | D:2      | Found an ancient bone altar of Kikubaaqudgha.
  1362 | D:2      | Gained mutation: You have sharp fingernails. [demonic ancestry]
  1362 | D:2      | Reached XP level 3. HP: 26/29 MP: 3/3
  1495 | D:2      | Noticed Terence
  1506 | D:2      | Killed Terence
  1506 | D:2      | Reached ** piety under Trog
  1724 | D:2      | Found a sacrificial altar of Ru.
  1724 | D:2      | Found a shattered altar of Ashenzari.
  1724 | D:2      | Noticed Natasha
  1735 | D:2      | Killed Natasha
  1735 | D:2      | Reached XP level 4. HP: 37/37 MP: 4/4
  1973 | D:2      | Found an iron altar of Okawaru.
  2195 | D:3      | Noticed Monsterracer's ghost (novice HuIE)
  2219 | D:3      | Killed from afar by Monsterracer's ghost

Skill      XL: |  1  2  3 |
---------------+----------+-----
Long Blades    | 3 |  3.5
Dodging        | 2 |  2.4
Armour         | 2 |  2.3
Fighting       | |  3.9
Stealth        | |  0.4
Shields        | |  0.4

Action                   |  1- 3 |  4- 6 || total
-------------------------+-------+-------++-------
Melee: Falchion          |    82 |    49 ||   131
       Headbutt          |    10 |    11 ||    21
Invok: Berserk           |     2 |     1 ||     3
 Stab: Sleeping          |     1 |       ||     1
  Eat: Chunk             |     3 |     3 ||     6
Armor: Animal skin       |    18 |       ||    18
       Scale mail        |     3 |    15 ||    18
Dodge: Dodged            |    59 |     5 ||    64
Block: Large shield      |     8 |    33 ||    41
       Rpst.: Falchion   |    17 |     3 ||    20
